← All builds
Geo / Legion / Economy first / OBSERVED BUILD

Drone plant T2

Com-blow economy that adds a Legion Drone Plant before Advanced Geothermal, using the drones and T2 vehicles (anti-air, support) to send an Aeolus drop into the enemy base by mid-game instead of just funneling T2 units to front.

Blows up the commander for T2

#t2 #air #drop · 6 distinct matches · 3 players · 15% of Legion Geo games · team won 2 of 6 · Recently observed

THE CATCH, AND WHAT COMES WITH IT
  • AeolusAeolus in 67%15% of all Geo games by then
  • Legion DroneLegion Drone in 67%10% of all Geo games by then
  • CharonFlak in 67%18% of all Geo games by then
  • CiceroRadar jammer in 67%15% of all Geo games by then

Then transitions into Boreas (12% of army), Medusa (11% of army), transport (11% of army).

HOW TO PLAY IT

Key timing: Legion Drone Plant by 6:17

  1. Open mex, wind and Legion Bot Lab, com straight onto geo.
  2. Get Geothermal Powerplant up fast to fund the switch.
  3. Build Legion Drone Plant instead of the usual T2 lab path.
  4. Add T2 vehicle support "Cicero" and T2 vehicle anti-air "Charon".
  5. Load Aeolus and drop it behind enemy lines.

Phase by phase

TYPICAL OF ITS 6 GAMES · AGAINST STANDARD GEO
  1. 1
  2. 2
  3. 3
  4. 4
PLAY THE OPENING

Follow the example game's first 6:00 step by step: what to build now, what comes next, and where it goes. At 1× it keeps pace with your own game.

  1. 1

    Up to the Legion Bot Lab

    Economy
    • Metal Extractor3Mex
    • Wind Turbine4Wind+2 vs standard
    Order
    1. Legion Bot LabLegion Bot Lab after 3 mex, 4 winddone ~1:13, middle half 1:01–1:23

    By 0:57 in all: 3 mex · 4 wind (standard 2)

    The example game in this phase · 3 steps
    1. Mex ×2
    2. Wind ×4
    3. Legion Bot LabLegion Bot Labdone 1:00 · typical 1:13
  2. 2

    Legion Bot Lab to Legion Drone Plant

    Economy
    • Metal Extractor2Mex
    • Wind Turbine5Wind
    • Energy Converter9Converter
    • Energy Storage1Energy storage
    Order
    1. Geothermal PowerplantGeo after 4 mex, 7 wind, 1 energy storage
    2. Advanced Geothermal PowerplantAdvanced Geothermal Powerplant after 7 wind, 10 converter, 6 con turretin 50% of games
    3. Legion Drone PlantLegion Drone Plant after 11 wind, 10 converter, 8 con turretdone ~6:17, middle half 5:26–7:02
    Builders
    • Construction Turret7 Con turret
    • Zagreus5 Zagreus
    • Legion Construction Bot1 Legion Construction Bot
    • Zagreus1 Zagreus for allies
    • Legion Construction Bot1 Legion Construction Bot for allies

    Some games also: Advanced Geothermal Powerplant (50%) · metal storage (33%) · Goblin (33%)

    By 6:08 in all: 4 mex · 9 wind · 1 geo · 9 converter · 1 energy storage · 7 con turret

    The example game in this phase · 20 steps
    1. Legion Construction BotLegion Construction Bot
    2. Wind
    3. Legion Construction BotLegion Construction Bot
    4. Wind
    5. ZagreusZagreus
    6. Mex
    7. Wind ×2
    8. ZagreusZagreus
    9. Mex
    10. Wind
    11. ZagreusZagreus
    12. Wind
    13. Geothermal PowerplantGeodone 2:58 · typical 3:12
    14. Con turret ×2
    15. Converter ×6
    16. Con turret ×5
    17. Energy storage
    18. Con turret
    19. Converter ×2
    20. Legion Drone PlantLegion Drone Plantdone 4:58 · typical 6:17
  3. 3

    Legion Drone Plant to Legion Vehicle Plant

    Economy
    • Energy Converter2Converter
    Order
    1. Legion Vehicle PlantLegion Vehicle Plant after 7 wind, 12 converter, 7 con turretdone ~7:48, middle half 7:08–7:51

    Some games also: Legion Construction Aircraft (50%) · noctua (33%) · aeolus for allies (33%) · Advanced Geothermal Powerplant (33%)

    By 7:39 in all: 4 mex · 10 wind · 1 geo · 1 Advanced Geothermal Powerplant · 13 converter · 1 energy storage

    The example game in this phase · 29 steps
    1. Energy storage
    2. Converter
    3. AeolusAeolusfor Front
    4. Wind
    5. Converter
    6. Wind
    7. AeolusAeolus
    8. Wind
    9. Converter
    10. Wind
    11. Legion Construction AircraftLegion Construction Aircraft
    12. Wind
    13. Converter
    14. Wind ×2
    15. Converter
    16. Wind
    17. Converter
    18. Wind
    19. Converter
    20. Wind ×2
    21. Converter
    22. Wind ×2
    23. Converter
    24. Wind ×2
    25. Converter
    26. Wind ×21
    27. Advanced Metal ExtractorT2 mex ×4done 6:47 · typical 5:38
    28. Advanced Geothermal PowerplantAdvanced Geothermal Powerplantdone 8:13 · typical 7:05
    29. Legion Vehicle PlantLegion Vehicle Plantdone 8:19 · typical 7:48
  4. 4

    Legion Vehicle Plant to 10:00

    Economy
    • Wind Turbine6Wind+6 vs standard
    • Energy Converter7Converter+2 vs standard
    Order
    1. Advanced Vehicle PlantAdvanced Vehicle Plant after 11 wind, 12 converter, 7 con turret
    Builders
    • Construction Turret2 Con turret +2 vs standard
    • Legion Construction Vehicle1 Legion Construction Vehicle
    • Advanced Construction Vehicle1 T2 con vehicle for allies
    Army
    • Pheme1 Mobile radar
    Other
    • Radar Tower1 Radar Tower

    Some games also: Medusa (50%) · radar jammer (50%) · noctua (33%) · Pharos (33%) · Bramble (33%)

    The standard build makes here, this one skips: 5 Arquebus

    By 10:00 in all: 4 mex · 20 wind (standard 9) · 1 geo · 1 Advanced Geothermal Powerplant · 20 converter · 1 energy storage

    The example game in this phase · 279 steps
    1. Legion Construction VehicleLegion Construction Vehicle ×2
    2. Wind
    3. Legion Construction VehicleLegion Construction Vehicle
    4. Wind
    5. Legion Construction VehicleLegion Construction Vehicle
    6. Wind
    7. PharosPharos
    8. Advanced Vehicle PlantAdvanced Vehicle Plantdone 9:09 · typical 8:42
    9. Legion Construction VehicleLegion Construction Vehicle
    10. Wind
    11. PharosPharos
    12. Wind ×2
    13. MantisTransportdone 9:19 · typical 10:25
    14. Wind
    15. PharosPharos
    16. Legion DroneLegion Drone ×2
    17. MantisTransport
    18. Wind
    19. Legion DroneLegion Drone
    20. Radar TowerRadar Tower
    21. Wind
    22. Legion DroneLegion Drone ×3
    23. MantisTransport
    24. Wind
    25. Legion DroneLegion Drone
    26. Converter
    27. Wind ×3
    28. Legion DroneLegion Drone ×2
    29. Con turret
    30. Legion DroneLegion Drone ×2
    31. Wind
    32. MantisTransport
    33. Wind
    34. Converter
    35. Legion DroneLegion Drone
    36. Wind
    37. Legion DroneLegion Drone ×2
    38. Converter
    39. Legion DroneLegion Drone
    40. Wind ×2
    41. Converter
    42. Legion DroneLegion Drone
    43. Con turret
    44. Legion DroneLegion Drone
    45. Advanced Construction VehicleT2 con vehiclefor Front
    46. Legion DroneLegion Drone
    47. Wind
    48. Legion DroneLegion Drone
    49. Converter
    50. Legion DroneLegion Drone
    51. Wind ×2
    52. Legion DroneLegion Drone ×2
    53. Wind ×3
    54. MantisTransport
    55. Converter
    56. Legion DroneLegion Drone
    57. Wind
    58. Converter
    59. Wind
    60. Converter
    61. Wind ×2
    62. Legion DroneLegion Drone ×3
    63. CharonFlakdone 10:45 · typical 10:49
    64. Converter
    65. Legion DroneLegion Drone
    66. Wind
    67. Converter
    68. Wind ×2
    69. Converter
    70. Legion DroneLegion Drone
    71. Converter
    72. BoreasBoreasdone 11:11
    73. Wind
    74. Converter
    75. Wind
    76. Converter
    77. Legion DroneLegion Drone
    78. Converter
    79. Wind
    80. Converter ×2
    81. Wind
    82. Legion DroneLegion Drone ×3
    83. Converter
    84. Wind ×2
    85. Legion DroneLegion Drone ×2
    86. Wind
    87. Converter
    88. MantisTransport
    89. Converter
    90. Wind
    91. Legion DroneLegion Drone
    92. Converter
    93. Wind
    94. Legion DroneLegion Drone ×2
    95. Wind
    96. Legion DroneLegion Drone ×2
    97. Wind
    98. Legion DroneLegion Drone
    99. MantisTransport
    100. Converter
    101. Legion DroneLegion Drone
    102. Wind
    103. Legion DroneLegion Drone
    104. Wind
    105. Legion DroneLegion Drone ×2
    106. Converter ×2
    107. Wind
    108. Legion DroneLegion Drone ×2
    109. Wind
    110. Converter
    111. Wind
    112. Legion DroneLegion Drone ×5
    113. Wind
    114. Legion DroneLegion Drone
    115. MantisTransport
    116. Wind
    117. Legion DroneLegion Drone
    118. Converter
    119. Wind
    120. Legion DroneLegion Drone ×2
    121. Converter
    122. Legion DroneLegion Drone
    123. Converter
    124. Wind
    125. Legion DroneLegion Drone ×3
    126. Wind ×2
    127. Legion DroneLegion Drone ×2
    128. Converter
    129. Legion DroneLegion Drone
    130. Wind
    131. MantisTransport
    132. Legion DroneLegion Drone ×2
    133. Wind
    134. Legion DroneLegion Drone
    135. Converter
    136. Wind
    137. Legion DroneLegion Drone
    138. Converter
    139. Legion DroneLegion Drone ×2
    140. Wind
    141. Converter
    142. Legion DroneLegion Drone
    143. Wind
    144. Legion DroneLegion Drone
    145. Wind
    146. Legion DroneLegion Drone ×3
    147. Wind
    148. MantisTransport
    149. Legion DroneLegion Drone ×5
    150. Wind
    151. Converter
    152. Legion DroneLegion Drone
    153. Wind
    154. Legion DroneLegion Drone
    155. Converter ×2
    156. Legion DroneLegion Drone ×2
    157. Wind
    158. Legion DroneLegion Drone ×4
    159. CharonFlak
    160. Legion DroneLegion Drone
    161. Wind
    162. Converter
    163. Legion DroneLegion Drone
    164. Wind
    165. Legion DroneLegion Drone
    166. Converter
    167. Legion DroneLegion Drone ×2
    168. Wind
    169. Legion DroneLegion Drone ×3
    170. Wind
    171. BoreasBoreas
    172. Converter ×2
    173. Wind
    174. Legion DroneLegion Drone
    175. Wind
    176. Legion DroneLegion Drone ×6
    177. Converter
    178. Legion DroneLegion Drone
    179. Wind
    180. Converter
    181. Wind
    182. Legion DroneLegion Drone
    183. Wind
    184. Legion DroneLegion Drone ×4
    185. Converter
    186. Wind
    187. Legion DroneLegion Drone
    188. Wind
    189. MantisTransport
    190. Converter
    191. Legion DroneLegion Drone
    192. Converter
    193. Wind
    194. Legion DroneLegion Drone ×3
    195. CharonFlak
    196. BoreasBoreas
    197. Converter
    198. Wind
    199. Legion DroneLegion Drone
    200. Wind
    201. Legion DroneLegion Drone
    202. Converter
    203. Legion DroneLegion Drone
    204. Wind
    205. Converter
    206. Legion DroneLegion Drone ×4
    207. Wind ×2
    208. Legion DroneLegion Drone ×2
    209. BoreasBoreas
    210. Legion DroneLegion Drone ×2
    211. Converter
    212. Wind
    213. Legion DroneLegion Drone
    214. Wind
    215. Converter
    216. Legion DroneLegion Drone ×2
    217. Wind
    218. Legion DroneLegion Drone
    219. Wind
    220. Legion DroneLegion Drone ×3
    221. Wind
    222. Legion DroneLegion Drone
    223. Converter
    224. Legion DroneLegion Drone ×5
    225. BoreasBoreas
    226. Wind ×2
    227. Legion DroneLegion Drone ×3
    228. Wind
    229. Converter ×2
    230. Legion DroneLegion Drone ×2
    231. Wind
    232. Legion DroneLegion Drone ×5
    233. Converter
    234. Legion DroneLegion Drone
    235. Wind ×2
    236. Legion DroneLegion Drone ×3
    237. Converter
    238. BoreasBoreas
    239. Wind
    240. Converter
    241. Legion DroneLegion Drone ×5
    242. Wind
    243. Converter
    244. Wind ×2
    245. Converter
    246. Legion DroneLegion Drone ×4
    247. Converter
    248. Legion DroneLegion Drone ×4
    249. Wind ×3
    250. Legion DroneLegion Drone ×3
    251. Wind
    252. BoreasBoreas
    253. Legion DroneLegion Drone ×3
    254. Wind
    255. Legion DroneLegion Drone
    256. Converter
    257. Wind ×2
    258. Legion DroneLegion Drone ×2
    259. Wind
    260. Legion DroneLegion Drone ×5
    261. Wind ×2
    262. Legion DroneLegion Drone
    263. Wind
    264. BoreasBoreas
    265. Legion DroneLegion Drone
    266. Converter
    267. Wind
    268. Legion DroneLegion Drone ×4
    269. Wind ×2
    270. Legion DroneLegion Drone ×2
    271. Wind
    272. Legion DroneLegion Drone
    273. Wind
    274. Legion DroneLegion Drone ×3
    275. BoreasBoreas
    276. Wind
    277. Converter
    278. Legion DroneLegion Drone
    279. Wind ×2

Counts are medians over the build's games: half of them build more, half fewer. The example game is _X_'s (50 OS, 09/09/2026); pick another.

Team trades

IN AT LEAST 30% OF ITS GAMES

You hand over

  • Zagreus1 Zagreus to Beach sea or Front or Suicide frontfirst at 1:54 · in 83% of games
  • Legion Construction Bot1 Legion Construction Bot to Beach seafirst at 2:15 · in 83% of games
  • Aeolus1 Aeolus to Front or Beach seafirst at 8:41 · in 33% of games
  • Advanced Construction Vehicle1 T2 con vehicle to Suicide front or Frontfirst at 10:00 · in 83% of games

You get

  • Aeolus1 Aeolus from Airfirst at 4:22 · in 33% of games
  • Advanced Construction Bot1 T2 con bot from Techfirst at 4:59 · in 100% of games

How it plays out

Typical game of this build against the role’s standard build, running totals by minute

  • This build
  • Standard geo

Metal produced

020k40k
0:005:0010:0015:00

metal

Enemy metal destroyed

05k10k15k
0:005:0010:0015:00

metal

Own metal lost

05k10k
0:005:0010:0015:00

metal

6 games.

Show as table
ByMetal produced: This buildMetal produced: Standard geoEnemy metal destroyed: This buildEnemy metal destroyed: Standard geoOwn metal lost: This buildOwn metal lost: Standard geo
1:003493320000
2:008528670000
3:00152115070000
4:00291827430000
5:00434136100000
6:00589358710000
7:00837985540000
8:0011944113750000
9:00148901419555065255
10:00178881704226518065255
11:002066120046528199465867
12:002331023165191841231801455
13:0026953263412834854116402850
14:00309342903048351086931806617
15:00349193260861841164831809400
WHAT THE NUMBERS SAY

Won less often than the standard build and destroyed far less enemy metal by 15:00 despite a strong economy.

  • + Metal produced ahead of standard at every checkpoint through 15:00.
  • + Own metal lost at 15:00 much lower (3180 vs 9400).
  • − Team win rate far lower (33% vs 75%).
  • − Enemy metal destroyed at 15:00 much lower (6184 vs 11648).
THE EXAMPLE YOU ARE READING

_X_

50.4 OS · 09/09/2026

Open source match ↗

2 received units · includes a constructor
700 metal received · 98149 energy received

Allied construction assistance is unknown. Timings are observations, not a promise of solo reproducibility.

Typical milestones

Legion Bot Lab1:13Middle 50%: 1:01–1:23 · n=6
Geothermal Powerplant3:12Middle 50%: 2:59–3:28 · n=6
Advanced Metal Extractor5:38Middle 50%: 5:22–6:18 · n=6
Legion Drone Plant6:17Middle 50%: 5:26–7:02 · n=4
Advanced Geothermal Powerplant7:05Middle 50%: 7:01–7:43 · n=5
Legion Vehicle Plant7:48Middle 50%: 7:08–7:51 · n=5
Medusa8:18Middle 50%: 8:15–8:55 · n=3
Advanced Vehicle Plant8:42Middle 50%: 7:50–8:44 · n=5
Hera10:12Middle 50%: 9:47–10:47 · n=4
Mantis10:25Middle 50%: 9:19–12:05 · n=4
Charon10:49Middle 50%: 10:45–11:44 · n=4

Played most by

[Grump]Matsuri3games of this buildUsurpeR2games of this build_X_1game of this build

Supporting games

Pick a game to read and play it above.

UsurpeR24/09/2026 · 43 OS↗_X_09/09/2026 · 50 OS↗UsurpeR06/09/2026 · 49 OS↗[Grump]Matsuri05/09/2026 · 41 OS↗[Grump]Matsuri05/09/2026 · 41 OS↗[Grump]Matsuri05/09/2026 · 41 OS↗Supreme Isthmus v2.1
Beyond All Reason test-31251-0ceadc7
Naval balance tweaks on